 Dungeon Crawl Stone Soup version 0.30-a0-939-gc8157cb160 (webtiles) character file.

Game seed: 9582946541338161279

48 juan097 the Sneak (level 3, 0/18 HPs)
             Began as a Vine Stalker Brigand on Mar 25, 2023.
             Slain by a black bear (1 damage)
             ... on level 3 of the Dungeon.
             The game lasted 00:03:53 (1459 turns).

juan097 the Sneak (Vine Stalker Brigand)            Turns: 1459, Time: 00:03:53

Health: 0/18       AC: 11    Str: 13    XL:     3   Next: 72%
Magic:  0/4        EV:  8    Int: 11    God:
Gold:   87         SH:  0    Dex: 17    Spells: 2/2 levels left

rFire   . . .      SeeInvis .    a - +2 dagger
rCold   + . .      Faith    .    (no shield)
rNeg    + . .      Spirit   +    k - +0 pearl dragon scales
rPois   .          Reflect  .    (no helmet)
rElec   .          Rampage  .    c - +0 cloak
rCorr   .                        (no gloves)
Will    .....                    (no boots)
Stlth   +                        i - amulet of the acrobat
HPRegen 0.23/turn                g - ring of protection from cold
MPRegen 0.09/turn                (no ring)

@: no status effects
A: fangs 2, magic shield, antimagic bite, no potion heal 2
a: no special abilities


You were on level 3 of the Dungeon.
You visited 1 branch of the dungeon, and saw 3 of its levels.

You collected 87 gold pieces.

Inventory:

Hand Weapons
 a - a +2 dagger (weapon)
Missiles
 d - 9 poisoned darts (quivered)
 e - a curare-tipped dart
Armour
 b - a +0 robe
 c - a +0 cloak (worn)
 k - +0 pearl dragon scales (worn)
Jewellery
 g - a ring of protection from cold (left hand)
 i - an amulet of the acrobat (around neck)
 q - an amulet of regeneration
Scrolls
 f - 4 scrolls of identify {unknown}
 j - a scroll of poison {unknown}
 p - a scroll of teleportation {unknown}
Potions
 h - 3 potions of curing {unknown}
 l - a potion of attraction {unknown}
 m - 3 potions of haste
 n - 2 potions of heal wounds {unknown}
 o - 2 potions of invisibility {unknown}


   Skills:
 - Level 1.7 Fighting
 + Level 3.6 Short Blades
 - Level 1.7 Throwing
 - Level 0.7 Dodging
 - Level 4.8 Stealth


You had 2 spell levels left.
You didn't know any spells.
Your spell library contained the following spells:

 Spells                   Type           Power      Damage    Failure   Level
 Stone Arrow              Conj/Erth      0%         3d7       100%        3
 Animate Armour           Summ/Erth      0%         N/A       100%        4
 Lehudib's Crystal Spear  Conj/Erth      0%         10d2      100%        8


Dungeon Overview and Level Annotations

Branches:
Dungeon (3/15)

Altars:
Makhleb


Innate Abilities, Weirdness & Mutations

You have extremely sharp teeth.
When hurt, damage is shared between your health and your magic reserves.
Your bite disrupts and absorbs the magic of your enemies.
Potions cannot restore your health.


Message History

The black bear moves out of view.
Found 11 gold pieces.
The endoplasm hits you but does no damage.
The endoplasm quivers.
You hit the endoplasm. You bite the endoplasm.
You kill the endoplasm!
Throw: 3 darts (curare)
Press: ? - help, Shift-Dir - straight line, f - black bear
Aim: a black bear (67% to hit)
You throw a curare-tipped dart.
The curare-tipped dart hits the black bear.
The black bear is poisoned.
The black bear convulses.
The black bear seems to slow down.
The black bear is moderately wounded.
You barely miss the black bear. You bite the black bear. You drain its power.
The black bear is moderately wounded.
The black bear bites you but does no damage.
The black bear claws you. x2
You hit the black bear but do no damage.
You bite the black bear, but do no damage.
The black bear is moderately wounded.
The black bear bites you but does no damage.
The black bear claws you.
The black bear claws you but does no damage.
You hit the black bear.
You bite the black bear, but do no damage.
The black bear is heavily wounded.
You hit the black bear.
The black bear is severely wounded.
The endoplasm hits you.
The black bear shakes off its lethargy.
The black bear goes berserk!
Throw: 2 darts (curare)
Press: ? - help, Shift-Dir - straight line, f/p - black bear
Aim: a black bear (severely wounded, berserk, very poisoned, 67% to hit)
You throw a curare-tipped dart.
The curare-tipped dart closely misses the black bear.
The black bear bites you!
* * * LOW HITPOINT WARNING * * *
The black bear claws you.
You die...

.....>..............
......................
.......<..............
#....................
#...................
#.................
#.......#.......##..
#.......#...#....$..
####.##.....@h.#. ..........
#.....##...J...............
##..######..................
#...# #..................
#.#.# #.##...............
##.#.# #!# ...............
#..#.# ..# ...............
#.##.# .## ............<..
#.##.# .. ..........


You could see a black bear (berserk, very poisoned) and an endoplasm.

Vanquished Creatures
  A dart slug (D:2)
  7 endoplasms
  A giant cockroach (D:1)
  A hobgoblin (D:2)
  3 jackals (D:1)
  3 kobolds
  3 quokkas (D:2)
  4 ball pythons
  6 bats
  4 frilled lizards
  6 goblins
  3 rats
42 creatures vanquished.

Notes
Turn   | Place    | Note
-------+----------+-------------------------------------------
     0 | D:1      | juan097 the Vine Stalker Brigand began the quest for the
                  | Orb.
     0 | D:1      | Reached XP level 1. HP: 11/11 MP: 2/2
   332 | D:1      | Reached XP level 2. HP: 15/15 MP: 3/3
   644 | D:2      | Reached XP level 3. HP: 15/18 MP: 2/4
  1376 | D:3      | Found a burning altar of Makhleb.
  1450 | D:3      | Noticed a black bear
  1459 | D:3      | Slain by a black bear

Illustrated notes

Levels and vault maps discovered:
D:1:      ncdulo_lavacross, layout_loops_ring
D:2:      layout_loops_ring, reono_crystal_passage
D:3:      layout_rooms, nicolae_wu_jian_wuxing_cycle,
          mainiacjoe_overflow_chevrons

Skill      XL: |  1  2 |
---------------+-------+-----
Short Blades   | 2 3 |  3.6
Fighting       | |  1.7
Throwing       | |  1.7
Dodging        | |  0.7
Stealth        | |  4.8

Action                     || total
---------------------------++-------
  Melee: Dagger            ||   114
         Bite              ||    33
         Punch             ||     1
  Throw: Dart              ||     2
 Armour: Pearl dragon scal ||    57
         Robe              ||     2
  Dodge: Dodged            ||    41

Table legend: (Time is in decaauts)
 A = Elapsed time spent in this place.
 B = Non-inter-level travel time spent in this place.
 C = Inter-level travel time spent in this place.
 D = Time resting spent in this place.
 E = Time spent auto-exploring this place.
 F = Levels seen in this place.
 G = Mean time per level.
                   A        B        C        D        E       F      G
               +--------+--------+--------+--------+--------+-----+--------+
         Total |   1441 |   1409 |     32 |      0 |   1114 |   3 |  480.3 |
       Dungeon |   1441 |   1409 |     32 |      0 |   1114 |   3 |  480.3 |
               +--------+--------+--------+--------+--------+-----+--------+

Top non-repeatable levels by time:
     D:2: 687 daAuts
     D:1: 617 daAuts
     D:3: 137 daAuts
